 Dungeon Crawl Stone Soup version 0.27.0-66-gdc8fb28755 (webtiles) character file.

Game seed: 15532741901870452436

103 lmSkywalker the Magician (level 5, -5/35 HPs)
             Began as a Djinni Fire Elementalist on Aug 21, 2021.
             Was a Follower of Okawaru.
             Slain by Terence (8 damage)
             ... on level 3 of the Dungeon.
             The game lasted 00:04:25 (3069 turns).

lmSkywalker the Magician (Djinni Fire Elementalist) Turns: 3069, Time: 00:04:26

Health: -5/35      AC:  3    Str:  8    XL:     5   Next: 6%
Gold:   163        EV: 12    Int: 17    God:    Okawaru [*.....] SH:  0 Dex: 13

rFire    + + .     SeeInvis .   m - +0 whip (freeze)
rCold    x . .     Faith    .   (no shield)
rNeg     . . .     Spirit   .   a - +0 robe
rPois    ∞         Reflect  .   (no helmet)
rElec    .         Harm     .   k - +0 cloak
rCorr    .         Rampage  .   (no gloves)
Will     .....                  (boots unavailable)
Stlth    ++........             (no amulet)
HPRegen  0.11/turn              (no ring)
MPRegen  0.00/turn              (no ring)

@: flying
A: sickness immunity, fire resistance 2, cold vulnerability 1, float, innate
caster, hp casting, extra vitality 1
a: Renounce Religion, Heroism


You were on level 3 of the Dungeon.
You worshipped Okawaru.
Okawaru was aware of your devotion.
You visited 1 branch of the dungeon, and saw 3 of its levels.

You collected 163 gold pieces.

Inventory:

Hand Weapons
 h - a +0 flail
 l - a +0 war axe
 m - a +0 whip of freezing (weapon)
Armour
 a - a +0 robe (worn)
 e - a +0 buckler
 k - a +0 cloak (worn)
Scrolls
 b - a scroll of silence {unknown}
 c - a scroll of identify {unknown}
 d - a scroll of immolation
 g - a scroll of acquirement {unknown}
 i - 2 scrolls of teleportation {unknown}
Potions
 f - a potion of heal wounds {unknown}
 j - a potion of attraction {unknown}


   Skills:
 - Level 2.1 Dodging
 - Level 1.5 Stealth
 + Level 1.0 Shields
 + Level 4.0 Spellcasting


You couldn't memorise any spells.
You knew the following spells:

 Your Spells              Type           Power      Damage    Failure   Level
a - Foxfire               Conj/Fire      68%        2x1d7     3%          1
b - Conjure Flame         Conj/Fire      17%        6-21      9%          3
c - Inner Flame           Hex/Fire       17%        N/A       9%          3
d - Sticky Flame          Conj/Fire      17%        2d4       30%         4
e - Fireball              Conj/Fire      8%         3d6       63%         5
f - Pain                  Necr           68%        1d7       3%          1
g - Ensorcelled Hibernat  Hex/Ice        34%        N/A       4%          2
Your spell library was empty.

Dungeon Overview and Level Annotations

Branches:
Dungeon (3/15)

Altars:
Okawaru

Annotations:
D:3 Terence


Innate Abilities, Weirdness & Mutations

You are immune to sickness and miasma.
You are immune to poison.
Your flesh is very heat resistant. (rF++)
You are vulnerable to cold. (rC-)
You float through the air rather than walking.
You learn spells naturally, not from books.
Your magical power is your life essence.
You have superior vitality. (+4 HP)


Message History

Terence is severely wounded.
The foxfire hits Terence but does no damage.
Terence is severely wounded.
The foxfire hits Terence but does no damage.
Terence is severely wounded.
Terence hits you with a +0 mace.
Casting: Foxfire (safe; 3% risk of failure)
Confirm with . or Enter, or press ? or * to list all spells.
You conjure some foxfire!
Terence hits you with a +0 mace.
You hit Terence but do no damage.
Terence is severely wounded.
The foxfire hits Terence.
Terence is almost dead.
The foxfire hits Terence but does no damage.
Terence is almost dead.
Casting: Foxfire (safe; 3% risk of failure)
Confirm with . or Enter, or press ? or * to list all spells.
You conjure some foxfire!
You feel like a meek peon again. Terence hits you with a +0 mace.
You hit Terence but do no damage.
Terence is almost dead.
The foxfire hits Terence.
Terence is almost dead.
The foxfire hits Terence but does no damage.
Terence is almost dead.
Terence hits you with a +0 mace.
* * * LOW HITPOINT WARNING * * *
You hit Terence but do no damage.
Terence is almost dead.
Terence hits you with a +0 mace.
* * * LOW HITPOINT WARNING * * *
Terence barely misses you.
You barely miss Terence.
Terence is almost dead.
Terence hits you but does no damage.
You closely miss Terence.
Terence is almost dead.
Terence hits you with a +0 mace!
You die...

#.# #..## #.#
##.)## #.# #..)..
#.######.# #.).♣♣
#........####..)♣♣
#...............♣.
#..###########....
#...........<).†♣P
#@.###############
#@.# #.....#
#.....# #.....#
#.....# #......
##.#..## #.#.#.


You could see Terence.

Vanquished Creatures
  A gnoll (D:1)
  3 adders (D:2)
  A dart slug (D:3)
  10 orcs
  3 ball pythons
  3 endoplasms (D:2)
  2 giant cockroaches
  7 goblins
  4 hobgoblins (D:1)
  2 jackals (D:3)
  2 quokkas (D:1)
  3 bats
  3 frilled lizards
  3 kobolds
  3 rats (D:1)
50 creatures vanquished.

Vanquished Creatures (others)
  186 foxfires
  3 plants (D:3)
189 creatures vanquished.

Grand Total: 239 creatures vanquished

Notes
Turn   | Place    | Note
-------+----------+-------------------------------------------
     0 | D:1      | lmSkywalker the Djinni Fire Elementalist began the quest
                  | for the Orb.
     0 | D:1      | Reached XP level 1. HP: 15/15 MP: 0/0
   270 | D:1      | Reached XP level 2. HP: 7/21 MP: 0/0
   493 | D:1      | Found a faded altar of an unknown god.
   517 | D:1      | Became a worshipper of Warmaster Okawaru
   517 | D:1      | Reached * piety under Okawaru
   611 | D:1      | Reached skill level 3 in Spellcasting
  1009 | D:1      | Reached XP level 3. HP: 18/25 MP: 0/0
  1009 | D:1      | Learned a level 1 spell: Pain
  1337 | D:2      | Reached XP level 4. HP: 23/31 MP: 0/0
  2019 | D:2      | You are sucked into a shaft and drop 1 floor!
  2582 | D:2      | Reached skill level 4 in Spellcasting
  2885 | D:3      | Reached XP level 5. HP: 27/35 MP: 0/0
  2885 | D:3      | Learned a level 2 spell: Ensorcelled Hibernation
  2887 | D:3      | Reached skill level 1 in Shields
  3049 | D:3      | Noticed Terence
  3069 | D:3      | Slain by Terence

Illustrated notes

Levels and vault maps discovered:
D:1:      lightli_arrival_quake, layout_rooms, hellmonk_ecumenical_altar_blasted
D:2:      layout_basic, chequers_serial_rivers_micro_a
D:3:      layout_loops_ring, serial_forest, infiniplex_forest_straight_3,
          infiniplex_forest_corner_1, infiniplex_forest_clump_curved,
          infiniplex_forest_clump_long, infiniplex_forest_clump_small,
          uniq_terence

Skill      XL: |  1  2  3  4  5 |
---------------+----------------+-----
Spellcasting   | 3 4 |  4.0
Shields        | 1 |  1.0
Dodging        | |  2.1
Stealth        | |  1.5

Action                   |  1- 3 |  4- 6 || total
-------------------------+-------+-------++-------
Melee: Flail             |       |    15 ||    15
       War axe           |       |     6 ||     6
       Whip              |       |    12 ||    12
 Cast: Foxfire           |    63 |    48 ||   111
Invok: Heroism           |       |     2 ||     2
 Stab: Sleeping          |       |     1 ||     1
Armor: Robe              |     2 |     7 ||     9
Dodge: Dodged            |     1 |    20 ||    21
